Map: [ESL] Alcyone

Players

YoungYakov

  • Race: Zerg Zerg
  • Spawn Location: 1:00

Bly - Winner!

  • Race: Zerg Zerg
  • Spawn Location: 7:00

Event: ESL SC2 Masters 2024 Spring (Regional)

VOD

Have the link to the VOD?

Description

Time

  • Played on: April 21, 2024, 10:39 a.m.
  • Length: 6:59

All games in this series

Show
View Real Time Build Order
Export as new Build Order

YoungYakov Zerg 

Build Orders: Hatch First 

Get SALT Encoding   

  12  0:00  Drone  
  13  0:10  Drone  
  14  0:32  Hatchery  
  13  0:36  Drone  
  14  0:48  Extractor  
  13  0:54  Spawning Pool  
  12  0:59  Drone  
  12  1:03  Drone  
  14  1:11  Drone, Extractor  
  14  1:17  Overlord  
  15  1:42  Zergling x2  
  15  1:44  Queen  
  18  1:47  Zergling x2  
  18  1:48  Metabolic Boost  
  19  1:55  Zergling x2  
  19  1:57  Zergling x2  
  21  2:09  Zergling x4  
  21  2:14  Overlord  
  23  2:16  Zergling x2  
  23  2:21  Zergling x2  
  25  2:23  Zergling x2  
  26  2:30  Zergling x2  
  26  2:32  Zergling x2  
  28  2:43  Zergling x2  
  30  2:50  Evolution Chamber  
  29  2:52  Zergling x2  
  29  2:53  Zergling x2  
  29  2:54  Zergling x4  
  31  3:00  Zergling x2  
  31  3:05  Zergling x2  
  33  3:11  Zergling x2  
  35  3:14  Zergling x2, Overlord  
  36  3:26  Zergling x2  
  35  3:29  Zergling x2  
  34  3:36  Zergling x4  
  33  3:42  Zergling x6  
  33  3:46  Zergling x2  
  34  3:50  Drone  
  34  3:56  Drone  
  34  3:59  Drone  
  36  4:04  Queen  
  38  4:10  Drone  
  38  4:13  Drone  
  40  4:19  Overlord  
  40  4:23  Drone  
  39  4:29  Drone  
  39  4:36  Drone x2  
  41  4:43  Baneling Nest  
  40  4:47  Drone x2  
  41  4:56  Drone x3  
  41  4:59  Lair  
  43  5:03  Extractor  
  43  5:04  Extractor x2  
  43  5:07  Drone  
  41  5:09  Drone  
  41  5:11  Drone  
  43  5:14  Drone  
  43  5:18  Drone x2  
  46  5:22  Drone  
  46  5:23  Drone  
  48  5:30  Drone  
  48  5:31  Drone  
  48  5:34  Overlord, Drone  
  50  5:43  Drone x2  
  52  5:55  Drone  
  52  5:56  Drone x3  
  56  6:01  Spire  
  56  6:03  Drone x2  
  57  6:14  Overlord x2  
  57  6:18  Drone  
  58  6:21  Zergling x4  
  58  6:23  Overlord  
  60  6:26  Spine Crawler  
  60  6:28  Overlord  
  60  6:32  Spine Crawler  
  57  6:36  Spine Crawler  
  56  6:41  Zergling x6  
Show
View Real Time Build Order
Export as new Build Order

Bly Zerg - Winner!

Build Orders: Hatch First 

Get SALT Encoding   

  12  0:00  Drone  
  13  0:12  Overlord  
  13  0:18  Drone  
  14  0:31  Drone x2  
  16  0:47  Hatchery  
  15  0:50  Drone  
  15  0:54  Drone  
  17  1:08  Spawning Pool  
  17  1:11  Drone  
  17  1:14  Extractor  
  17  1:15  Drone  
  17  1:20  Drone  
  18  1:29  Drone  
  19  1:48  Drone  
  20  1:54  Queen  
  20  1:59  Queen  
  20  2:00  Zergling x2  
  20  2:01  Zergling x2  
  26  2:02  Drone  
  27  2:12  Drone  
  28  2:17  Overlord  
  28  2:19  Metabolic Boost  
  28  2:28  Overlord  
  28  2:36  Drone x3  
  31  2:37  Queen  
  31  2:43  Drone x2  
  35  3:05  Evolution Chamber, Roach Warren  
  33  3:08  Evolution Chamber  
  31  3:14  Zergling x14  
  38  3:25  Zergling x6  
  38  3:27  Evolution Chamber  
  39  3:36  Zergling x4  
  41  3:46  Overlord, Drone  
  43  3:52  Overlord, Drone  
  43  3:54  Lair  
  44  3:56  Zerg Melee Weapons Level 1  
  44  4:04  Evolution Chamber  
  43  4:13  Spine Crawler  
  43  4:16  Drone x4  
  43  4:17  Drone  
  43  4:28  Drone x2  
  43  4:29  Drone x2  
  42  4:38  Drone x4  
  46  4:50  Drone x2  
  46  4:52  Extractor  
  46  4:54  Extractor  
  46  4:56  Glial Reconstitution  
  46  4:57  Drone x2  
  46  4:59  Extractor  
  44  5:04  Baneling Nest  
  43  5:08  Drone x4  
  43  5:09  Overseer  
  47  5:21  Drone  
  47  5:23  Drone  
  47  5:25  Roach x2  
  53  5:32  Overlord  
  53  5:33  Zergling x2  
  54  5:38  Zergling x8  
  58  5:44  Overlord  
  58  5:45  Spire  
  57  5:54  Zergling x8  
  61  6:00  Baneling x5  
  61  6:01  Baneling x2  
  61  6:06  Drone x2  
  61  6:08  Overlord  
  61  6:10  Roach x2  
  67  6:12  Overlord  
  67  6:21  Overlord  
  67  6:24  Overlord  
  67  6:30  Overlord, Hatchery  
  66  6:33  Baneling x5  
  66  6:34  Baneling  
  66  6:40  Overlord  
  66  6:44  Drone x2  
Tags
 
Add a new tag
Caveats
  • Supply blocks, unpowered buildings, or Contaminate may cause inaccurate times.
  • Supply counts are checked every 10 seconds.